 Dungeon Crawl Stone Soup version 0.23-a0-514-gdd405ac (webtiles) character file.

3921 Tekkless the Blocker (level 10, -17/88 HPs)
             Began as a Minotaur Fighter on Dec 4, 2018.
             Was a High Priest of Okawaru.
             Demolished by a death yak (18 damage)
             ... on level 8 of the Dungeon.
             The game lasted 00:44:45 (5840 turns).

Tekkless the Blocker (Minotaur Fighter)             Turns: 5840, Time: 00:44:46

Health: -17/88     AC: 17    Str: 23    XL:     10   Next: 1%
Magic:  9/9        EV:  7    Int:  5    God:    Okawaru [*****.]
Gold:   315        SH: 12    Dex: 11    Spells: 9/9 levels left

rFire    . . .     SeeInvis .   I - +0 war axe (elec)
rCold    . . .     Gourm    .   c - +0 shield
rNeg     . . .     Faith    +   y - +0 plate armour
rPois    .         Spirit   .   (helmet restricted)
rElec    .         Reflect  .   p - +0 cloak
rCorr    .         Harm     .   f - +0 pair of gloves
MR       .....                  (no boots)
Stlth    ..........             t - amulet of faith
HPRegen  0.24/turn              (no ring)
MPRegen  0.11/turn              (no ring)

@: about to teleport
A: retaliatory headbutt, horns 2
a: Heroism, Finesse, Renounce Religion


You were on level 8 of the Dungeon.
You worshipped Okawaru.
Okawaru was extremely pleased with you.
You were not hungry.

You visited 1 branch of the dungeon, and saw 8 of its levels.

You collected 315 gold pieces.

Inventory:

Hand Weapons
 a - a +0 war axe
 d - a +0 club
 i - a +0 hand axe of chopping
 v - a +0 giant club
 B - a +0 flail of crushing
 F - a +2 whip of flaming
 I - a +0 war axe of electrocution (weapon)
 O - a +2 vampiric spear
 P - a +2 whip of electrocution
 S - a +4 quarterstaff of chaos
 T - a +0 mace of protection
 V - a +1 dagger of protection
 W - a +2 vampiric dagger
Missiles
 r - 55 poisoned needles
 R - 24 bolts
Armour
 b - a +0 scale mail
 c - a +0 shield (worn)
 f - a +0 pair of gloves (worn)
 p - a +0 cloak (worn)
 y - a +0 plate armour (worn)
 z - a +0 helmet
 U - a cursed +0 pair of gloves
Magical Staves
 K - an uncursed staff of energy {unknown}
Jewellery
 l - a cursed -3 ring of evasion
 t - an amulet of faith (around neck)
 u - an uncursed amulet of guardian spirit {unknown}
Wands
 G - a wand of disintegration (11)
Scrolls
 g - 2 scrolls of immolation
 h - a scroll of remove curse
 o - 2 scrolls of teleportation
 s - a scroll of noise {unknown}
 A - 2 scrolls of fear {unknown}
 C - 2 scrolls of enchant armour {unknown}
 D - 2 scrolls of magic mapping {unknown}
 H - 2 scrolls of enchant weapon {unknown}
 J - 2 scrolls of blinking {unknown}
 M - 3 scrolls of amnesia
Potions
 e - 3 potions of lignification {unknown}
 j - 5 potions of curing {unknown}
 k - 2 potions of degeneration {unknown}
 m - a potion of magic {unknown}
 n - 2 potions of brilliance {unknown}
 q - a potion of flight {unknown}
 w - 2 potions of mutation {unknown}
 E - a potion of haste {unknown}
 L - a potion of resistance {unknown}
 Q - 2 potions of might
Comestibles
 x - 17 rations


   Skills:
 + Level 8.0 Fighting
 - Level 5.4(6.0) Axes
 + Level 3.7(5.1) Maces & Flails
 + Level 9.6 Armour
 + Level 2.7 Dodging
 + Level 1.3 Stealth
 + Level 10.9 Shields
 + Level 0.6 Invocations


You had 9 spell levels left.
You didn't know any spells.
Your spell library contained the following spells:

 Spells                   Type           Power        Failure   Level  Hunger
 Animate Skeleton         Necr           N/A          100%        1    ##.....
 Apportation              Tloc           #.....       100%        1    ##.....
 Beastly Appendage        Tmut           #.....       100%        1    ##.....
 Confusing Touch          Hex            #.....       100%        1    ##.....
 Flame Tongue             Conj/Fire      #....        100%        1    ##.....
 Summon Small Mammal      Summ           #...         100%        1    ##.....
 Throw Flame              Conj/Fire      #.....       100%        2    ###....
 Conjure Flame            Conj/Fire      #.......     100%        3    ####...
 Inner Flame              Hex/Fire       #.......     100%        3    ####...
 Ice Form                 Ice/Tmut       #.......     100%        4    #####..
 Petrify                  Tmut/Erth      #.......     100%        4    #####..
 Sticky Flame             Conj/Fire      #.......     100%        4    #####..
 Alistair's Intoxication  Tmut/Pois      #.......     100%        5    ######.
 Fireball                 Conj/Fire      #.........   100%        5    ######.
 Irradiate                Conj/Tmut      #.........   100%        5    ######.


Dungeon Overview and Level Annotations

Branches:
Dungeon (8/15)             Temple (0/1) D:7
   Lair: D:8-11

Altars:
Dithmenos
Fedhas
Gozag
Okawaru
Qazlal
Ru
Sif Muna
Uskayaw
Vehumet
Zin
The Shining One

Shops:
D:7 }

Annotations:
D:4 2 transporters


Innate Abilities, Weirdness & Mutations

You reflexively headbutt those who attack you in melee.
You have a pair of horns on your head.


Message History

The puff of flame hits you! The death yak gores you!
An orc priest comes into view. It is wielding a +0 mace.
Your plate armour prevents you from hitting the orc wizard.
The orc priest shouts!
You slash the death yak!
You feel like a meek peon again. The death yak gores you!
* * * LOW HITPOINT WARNING * * *
The orc wizard gestures at you while chanting.
The puff of frost hits you!
* * * LOW HITPOINT WARNING * * *
The death yak snorts and paws the ground.
The death yak snorts and paws the ground.
Found a leather armour.
Found a scroll of remove curse.
The death yak gores you!
* * * LOW HITPOINT WARNING * * *
As you read the scroll of teleportation, it crumbles to dust.
You feel strangely unstable. The death yak gores you!!
You die...

#...### ....... #.....
.........##....
##...####................
.......z.#...#.#.#......?
......YYYY...............
.....)Y.zoYY##Y........[.
##...#####.###.Y.........
#...Y.Y.Yo# #...........
#...#####.# #..@....#
#...# #.######Y.###.#
##...# #Y.Y............
.....# #############.#.
##=..## #.....# ..###.#
##### #.....####...#
.............#


You could see a death yak and 2 yaks.

Vanquished Creatures
  Pikel (D:4)
  The ghost of wineyard the Tainter, a novice DsVM of Kikubaaqudgha (D:6)
  Grinder (D:5)
  Prince Ribbit (D:5)
  Sigmund (D:2)
  A wraith (D:8)
  4 hogs (D:7)
  A human (D:7)
  Edmund (D:4)
  A phantom (D:8)
  An ogre (D:4)
  A slave (D:4)
  A big kobold (D:8)
  3 bullfrogs
  2 scorpions (D:4)
  A wight (D:8)
  A howler monkey (D:5)
  A bullfrog zombie (D:7)
  3 orc priests
  A centaur skeleton (D:4)
  Crazy Yiuf (D:7)
  3 gnoll shamans
  An iguana (D:6)
  8 orc wizards
  3 worker ants
  A worker ant zombie (D:8)
  17 gnolls
  2 adders
  2 shadow imps
  2 adder skeletons
  2 worms (D:2)
  3 dart slugs
  3 leopard geckos
  22 orcs
  3 bats
  3 giant cockroaches
  3 goblins (D:2)
  2 hobgoblins
  6 jackals
  14 kobolds
  7 quokkas
  3 ball pythons
  6 frilled lizards
  A quokka skeleton (D:7)
  4 rats
150 creatures vanquished.

Vanquished Creatures (others)
  An ogre (D:6)
1 creature vanquished.

Grand Total: 151 creatures vanquished

Notes
Turn   | Place    | Note
-------+----------+-------------------------------------------
     0 | D:1      | Tekkless the Minotaur Fighter began the quest for the Orb.
     0 | D:1      | Reached XP level 1. HP: 19/19 MP: 0/0
   408 | D:1      | Reached XP level 2. HP: 27/27 MP: 1/1
  1103 | D:2      | Reached XP level 3. HP: 33/33 MP: 2/2
  1180 | D:1      | You fall through a shaft!
  1180 | D:2      | Noticed Sigmund
  1188 | D:2      | Killed Sigmund
  1188 | D:2      | Reached skill level 1 in Dodging
  1188 | D:2      | Reached skill level 4 in Shields
  1188 | D:2      | Reached XP level 4. HP: 21/41 MP: 3/3
  1188 | D:2      | Reached XP level 5. HP: 24/47 MP: 4/4
  1564 | D:2      | Found a stormy altar of Qazlal.
  1742 | D:3      | Found a stormy altar of Qazlal.
  2022 | D:3      | Reached XP level 6. HP: 53/53 MP: 5/5
  2263 | D:3      | Found a glowing silver altar of Zin.
  2405 | D:3      | Found a sacrificial altar of Ru.
  2406 | D:3      | Found an iron altar of Okawaru.
  2406 | D:3      | Found a radiant altar of Vehumet.
  2406 | D:3      | Found a shadowy altar of Dithmenos.
  2406 | D:3      | Found a hide-covered altar of Uskayaw.
  2416 | D:3      | Found a blossoming altar of Fedhas.
  2418 | D:3      | Found a glowing golden altar of the Shining One.
  2423 | D:3      | Found an opulent altar of Gozag.
  2424 | D:3      | Found a deep blue altar of Sif Muna.
  2439 | D:3      | Became a worshipper of Warmaster Okawaru
  2517 | D:4      | Reached skill level 5 in Armour
  2669 | D:4      | Found a transporter.
  2675 | D:4      | Noticed Edmund
  2696 | D:4      | Killed Edmund
  2696 | D:4      | Reached skill level 5 in Axes
  2696 | D:4      | Reached skill level 5 in Shields
  2950 | D:4      | Found a transporter.
  3008 | D:4      | Reached XP level 7. HP: 51/60 MP: 6/6
  3014 | D:4      | Reached * piety under Okawaru
  3022 | D:4      | Reached skill level 6 in Shields
  3026 | D:4      | Reached skill level 5 in Fighting
  3290 | D:4      | Noticed Pikel
  3313 | D:4      | Killed Pikel
  3313 | D:4      | Reached ** piety under Okawaru
  3313 | D:4      | Reached skill level 7 in Shields
  3313 | D:4      | Reached XP level 8. HP: 46/70 MP: 7/7
  3468 | D:5      | Entered Level 5 of the Dungeon
  3497 | D:5      | Reached skill level 8 in Shields
  3819 | D:5      | Noticed Grinder
  3824 | D:5      | Paralysed by Grinder for 7 turns
  3838 | D:5      | Killed Grinder
  3838 | D:5      | Reached *** piety under Okawaru
  3838 | D:5      | Reached skill level 1 in Maces & Flails
  4045 | D:5      | Noticed Prince Ribbit
  4052 | D:5      | Killed Prince Ribbit
  4473 | D:6      | Reached skill level 9 in Shields
  4621 | D:6      | Found a runed door.
  4621 | D:6      | Noticed wineyard's ghost (novice DsVM)
  4635 | D:6      | Killed wineyard's ghost
  4635 | D:6      | Reached XP level 9. HP: 76/78 MP: 5/8
  4648 | D:6      | Identified the Reference Book on Transformation
  4843 | D:7      | Found a flagged portal.
  4907 | D:7      | Found a runed door.
  4937 | D:7      | Found Ceulaasi's Gadget Emporium.
  5017 | D:7      | Reached **** piety under Okawaru
  5157 | D:7      | Reached skill level 10 in Shields
  5160 | D:7      | Reached skill level 1 in Stealth
  5292 | D:7      | Found a staircase to the Ecumenical Temple.
  5376 | D:7      | Noticed Crazy Yiuf
  5380 | D:7      | Killed Crazy Yiuf
  5380 | D:7      | Reached ***** piety under Okawaru
  5808 | D:8      | Reached XP level 10. HP: 76/88 MP: 9/9
  5811 | D:8      | Noticed a death yak
  5811 | D:8      | Noticed a death yak
  5811 | D:8      | Noticed a death yak
  5839 | D:8      | HP: 1/88 [death yak (11)]
  5840 | D:8      | Demolished by a death yak

Vault maps used:
D:1:      nzn_arrival_crosshair, grunt_decor_resistance
D:2:      lemuel_coloured_pillars_altar, uniq_sigmund
D:3:      minitemple, first_ration, nicolae_qazlal_general_emergency
D:4:      gammafunk_wand_slinger, minmay_fractal_squares_5, uniq_pikel,
          uniq_edmund
D:5:      uniq_grinder, uniq_prince_ribbit1
D:6:      ebering_ghost_inner_flame, serial_shops, shop
D:7:      temple_hall, enter_bailey_6, serial_shops, nicolae_shop_waterfront,
          grunt_livestock, kennysheep_pointless_box, grunt_ministairs_13,
          kennysheep_cross_room, uniq_crazy_yiuf_cottage
D:8:      dpeg_lair_monsters

Skill      XL: |  1  2  3  4  5  6  7  8  9 |
---------------+----------------------------+-----
Armour         | 4 5 7 8 9 |  9.6
Axes           | 3 4 5 |  5.4
Fighting       | 4 5 6 8 |  8.0
Dodging        | 1 2 |  2.7
Shields        | 4 5 7 9 10 | 10.9
Maces & Flails | 2 3 |  3.7
Stealth        | 1 |  1.3
Invocations    | |  0.6

Action                   |  1- 3 |  4- 6 |  7- 9 | 10-12 || total
-------------------------+-------+-------+-------+-------++-------
Melee: War axe           |    16 |       |   174 |     7 ||   197
       Hand axe          |    42 |   111 |    59 |       ||   212
       Headbutt          |     5 |    15 |    46 |     2 ||    68
       Whip              |       |       |    39 |       ||    39
Invok: Heroism           |       |       |     2 |     1 ||     3
  Use: Scroll            |     1 |     3 |     7 |     1 ||    12
       Potion            |     1 |       |       |       ||     1
  Eat: Ration            |     1 |     1 |     2 |       ||     4
       Chunk             |       |       |     5 |       ||     5
Armor: Scale mail        |    22 |    16 |       |       ||    38
       Plate armour      |       |    24 |   123 |     8 ||   155
Dodge: Dodged            |    17 |    23 |    63 |     5 ||   108
Block: Shield            |    34 |    63 |   155 |    11 ||   263

Table legend:
 A = Non-vault XP
 B = Vault XP
 C = Vault XP percentage of total XP
 D = Non-vault monster count
 E = Vault monster count
 F = Vault count percentage of total count
                 A         B        C        D         E       F
            +---------+---------+-------+---------+---------+-------
      Total |    2235 |    3367 |  60.1 |     132 |      18 |  12.0
            +---------+---------+-------+---------+---------+-------
        D:1 |      23 |       0 |   0.0 |      12 |       0 |   0.0
        D:2 |      35 |     220 |  86.3 |      17 |       1 |   5.6
        D:3 |     119 |       0 |   0.0 |      21 |       0 |   0.0
        D:4 |     443 |     949 |  68.2 |      20 |       5 |  20.0
        D:5 |     154 |     531 |  77.5 |       7 |       2 |  22.2
        D:6 |      97 |     612 |  86.3 |       5 |       2 |  28.6
        D:7 |     410 |    1055 |  72.0 |      21 |       8 |  27.6
        D:8 |     954 |       0 |   0.0 |      29 |       0 |   0.0
            +---------+---------+-------+---------+---------+-------
